AoeStats
← JAGR | BkB

Black Forest

510420817Analyzed
4v4 RM · 2d ago on Sep 30, 2026· 21m 11s· 8 players
Game mode
Random Map
Map size
Large (8 player)
Population
200
Speed
Normal
Resources
Standard
Victory
Conquest
Starting age
Dark Age
Ending age
Imperial Age
RankedLock teamsTeams togetherTeam positionsShared explorationLock speedFull tech treeHidden civsTurbo modeCheats
Victory
Defeat
🇵🇪 Maya · Peru
1493
+11
🇨🇴 Spanish · Colombia
1469
+12
🇻🇪 Italians · Venezuela
1308
+18
🇺🇸 Persians · United States
1185
+24
🇨🇦 Britons · Canada
1456
-19
1379
-17
🇧🇴 Gurjaras · Bolivia
1351
-16
🇨🇱 Turks · Chile
1282
-13
JAGR | Mazzei10
11:07 Feudal Age
12:28 Loom
16:15 Castle Age
14:33 Double-Bit Axe
14:59 Horse Collar
17:24 Bow Saw
17:46 Heavy Plow
21:37 Scale Barding Armor
Carmelo maradona
1:04 Loom
11:21 Feudal Age
15:07 Castle Age
13:59 Double-Bit Axe
JAGR | BkB
0:27 Loom
10:16 Feudal Age
11:01 Double-Bit Axe
19:08 Castle Age
20:06 Scale Mail Armor
20:34 Eagle Warrior
21:27 Forging
JAGR | GoodByeWorld
0:31 Loom
12:07 Feudal Age
19:30 Castle Age
17:46 Double-Bit Axe
BUCKFUTTER
11:35 Feudal Age
9:54 Loom
11:52 Feudal Age
12:56 Double-Bit Axe
12:52 Horse Collar
16:43 Wheelbarrow
16:03 Gold Mining
16:10 Stone Mining
19:04 Castle Age
20:06 Fletching
20:38 Bow Saw
gatuzo
6:16 Loom
9:29 Feudal Age
9:36 Man-at-Arms
13:21 Double-Bit Axe
14:58 Horse Collar
21:06 Castle Age
肩扛大明两京一十三省
10:33 Feudal Age
15:51 Castle Age
14:11 Double-Bit Axe
17:17 Bow Saw
GG LA LIFE KARIN
10:25 Feudal Age
11:48 Town Watch
14:29 Castle Age
13:18 Double-Bit Axe
13:14 Horse Collar
15:33 Bow Saw
17:33 Loom
Connection lost

Rejoining the realm…

Still unreachable

The connection could not be restored.

Session expired

The server has moved on; the page needs a fresh start.